 Dungeon Crawl Stone Soup version 0.25.1-2-g60ff931df9 (webtiles) character file.

Game seed: 1752190308694636819

15255 gruber the Carver (level 11, -2/75 HPs)
             Began as a Demonspawn Fighter on Nov 22, 2020.
             Was a High Priest of Makhleb.
             Slain by Snorg (18 damage)
             ... on level 10 of the Dungeon.
             The game lasted 00:18:08 (12172 turns).

gruber the Carver (Demonspawn Fighter)             Turns: 12172, Time: 00:18:10

Health: -2/75      AC: 16    Str: 19    XL:     11   Next: 99%
Magic:  18/18      EV: 12    Int: 11    God:    Makhleb [*****.]
Gold:   757        SH: 10    Dex: 12    Spells: 10/10 levels left

rFire    + + .     SeeInvis .   a - +0 long sword
rCold    + + .     Gourm    .   c - +0 kite shield
rNeg     . . .     Faith    .   L - +1 ring mail {rF+}
rPois    .         Spirit   .   y - +0 helmet
rElec    .         Reflect  .   Q - scarf {rC+ rF+}
rCorr    .         Harm     .   (no gloves)
MR       .....                  (no boots)
Stlth    +.........             J - amulet of regeneration
HPRegen  0.62/turn              n - +4 ring of protection
MPRegen  0.16/turn              S - ring of stealth

@: no status effects
A: hooves 1, thin metallic scales 2, cold resistance 1, spiny 1, freezing cloud
immunity
a: Minor Destruction, Lesser Servant of Makhleb, Major Destruction, Greater
Servant of Makhleb, Renounce Religion


You were on level 10 of the Dungeon.
You worshipped Makhleb.
Makhleb was extremely pleased with you.
You were hungry.

You visited 2 branches of the dungeon, and saw 13 of its levels.

You collected 757 gold pieces.

Inventory:

Hand Weapons
 a - a +0 long sword (weapon)
 m - a +2 hunting sling of flaming
 V - a +2 dagger of speed
Missiles
 e - 88 poisoned darts (quivered)
 g - 227 stones
 o - 102 sling bullets
Armour
 c - a +0 kite shield (worn)
 y - a +0 helmet (worn)
 K - the cursed +0 leather armour "Pypnupt" {MR+ rCorr Int+7}
   (You found it on level 6 of the Dungeon)

   It affects your intelligence (+7).
   It affects your resistance to hostile enchantments.
   It provides partial protection from all sources of acid and corrosion.
   It has a curse placed upon it.
 L - a +1 ring mail of fire resistance (worn)
 Q - a scarf of resistance (worn)
Jewellery
 b - an uncursed amulet of faith {unknown}
 n - a +4 ring of protection (left hand)
 p - an uncursed ring of fire
 J - an amulet of regeneration (around neck)
 S - a ring of stealth (right hand)
Wands
 x - a wand of random effects (1)
 E - a wand of polymorph (21)
 G - a wand of acid (6)
 U - a wand of flame (14)
Scrolls
 h - 3 scrolls of teleportation
 j - 2 scrolls of noise {unknown}
 k - 8 scrolls of remove curse
 q - a scroll of enchant weapon {unknown}
 s - a scroll of immolation {unknown}
 u - a scroll of enchant armour {unknown}
 A - 6 scrolls of fear {unknown}
 C - 3 scrolls of magic mapping {unknown}
 H - 2 scrolls of blinking {unknown}
 I - a scroll of amnesia {unknown}
 O - 10 scrolls of identify
 P - a scroll of fog {unknown}
 R - a scroll of holy word {unknown}
 T - a scroll of acquirement {unknown}
Potions
 d - 3 potions of might
 i - 5 potions of curing
 l - 3 potions of haste {unknown}
 r - a potion of resistance {unknown}
 t - 2 potions of degeneration {unknown}
 w - 2 potions of heal wounds {unknown}
 z - a potion of invisibility {unknown}
 B - 4 potions of brilliance {unknown}
 D - 2 potions of berserk rage {unknown}
 F - a potion of mutation {unknown}
 M - a potion of ambrosia {unknown}
 N - a potion of stabbing {unknown}
Comestibles
 f - 25 rations


   Skills:
 - Level 3.0 Fighting
 * Level 11.4 Long Blades
 - Level 3.1 Slings
 - Level 8.3 Armour
 - Level 7.0 Dodging
 - Level 6.0 Shields
 - Level 9.3 Invocations
 - Level 0.6 Evocations


You had 10 spell levels left.
You didn't know any spells.
Your spell library was empty.

Dungeon Overview and Level Annotations

Branches:
Dungeon (11/15)            Temple (0/1) D:4            Lair (2/6) D:9
  Swamp: Lair:2-4    Shoals: Lair:2-4     Snake: Lair:2-4    Spider: Lair:2-4
    Orc: D:9-12

Altars:
Cheibriados
Dithmenos
Elyvilon
Kikubaaqudgha
Makhleb
Nemelex Xobeh
Okawaru
Qazlal
Sif Muna
Wu Jian
Xom
The Shining One

Shops:
D:8 }

Annotations:
D:10 Snorg


Innate Abilities, Weirdness & Mutations

You have large cloven feet.
You are mostly covered in thin metallic scales. (AC +3)
Your flesh is cold resistant. (rC+)
You are partially covered in sharp spines.
You are immune to freezing clouds.


Message History

Aim: Snorg (moderately wounded, berserk, poisoned)
You throw a throwing net. The throwing net hits Snorg.
Snorg is caught in the net!
Snorg is moderately wounded.
Snorg struggles against the net.
Unknown command.
Unknown command.
You slash Snorg!
Snorg is moderately wounded.
Snorg struggles against the net.
Your shield and ring mail prevent you from hitting Snorg.
Snorg is moderately wounded.
Snorg struggles against the net. x2
The net rips apart, and Snorg comes free!
You slash Snorg! Your kick misses Snorg.
Snorg is heavily wounded.
Snorg looks more healthy.
Snorg bites you but does no damage. Snorg claws you! x2
* * * LOW HITPOINT WARNING * * *
Snorg bites you!!
You die...

^......
...[... #..
#.# #.#
######.#
##......#
........##
>........##
.......@..#
......T...#
.....(....#
.(.......##
(........#
.........##
..........##
(.....#....#
####.##...##


You could see Snorg (berserk).

Vanquished Creatures
  A two-headed ogre (D:10)
  Pikel (D:7)
  A faun (Lair:2)
  Maggie (Lair:2)
  3 spiny frogs (Lair:1)
  A troll (D:9)
  A hornet (D:5)
  10 blink frogs
  6 hippogriffs
  A spriggan (D:7)
  Edmund (D:5)
  A naga (Lair:2)
  2 water moccasins
  6 porcupines
  An orc warrior (D:9)
  6 ice beasts
  A sky beast (D:5)
  3 slaves (D:7)
  A hornet zombie (D:10)
  An eye of draining (D:9)
  A necrophage (D:7)
  A phantom (D:6)
  An ogre (D:6)
  43 wolves (Lair:2)
  3 centaurs (D:6)
  4 crocodiles
  2 big kobolds
  7 bullfrogs
  A gnoll sergeant (D:10)
  2 scorpions (D:5)
  A wyvern skeleton (D:8)
  5 killer bees (D:8)
  2 electric eels (Lair:1)
  A howler monkey (D:6)
  4 crimson imps
  A centaur zombie (D:5)
  4 bullfrog skeletons
  A jelly (D:7)
  A bullfrog zombie (D:7)
  2 hounds
  8 orc priests
  Crazy Yiuf (D:7)
  A centaur skeleton (D:6)
  10 orc wizards
  Jessica (D:5)
  An iguana (D:4)
  Ijyb (D:5)
  Natasha (twice) (D:2)
  6 worker ants
  2 hound skeletons
  A worker ant zombie (D:9)
  11 gnolls
  A howler monkey skeleton (D:7)
  9 adders
  2 shadow imps
  3 adder zombies
  4 worms
  2 dart slugs
  5 leopard geckos
  30 orcs
  2 ball pythons
  2 giant cockroaches
  9 goblins
  4 hobgoblins
  6 jackals
  4 quokkas
  10 bats
  5 frilled lizards
  17 kobolds
  A leopard gecko skeleton (D:4)
  3 quokka skeletons
  8 rats
308 creatures vanquished.

Vanquished Creatures (collateral kills)
  A naga (Lair:2)
  4 wolves (Lair:2)
5 creatures vanquished.

Vanquished Creatures (others)
  3 fungi
  2 plants
5 creatures vanquished.

Grand Total: 318 creatures vanquished

Notes
Turn   | Place    | Note
-------+----------+-------------------------------------------
     0 | D:1      | gruber the Demonspawn Fighter began the quest for the Orb.
     0 | D:1      | Reached XP level 1. HP: 18/18 MP: 1/1
   144 | D:1      | Reached skill level 2 in Long Blades
   334 | D:1      | Gained mutation: You have large cloven feet. [demonic
                  | ancestry]
   334 | D:1      | Reached XP level 2. HP: 21/24 MP: 2/2
   697 | D:1      | Reached skill level 1 in Slings
  1146 | D:2      | Gained mutation: Your flesh is cold resistant. (rC+)
                  | [demonic ancestry]
  1146 | D:2      | Reached XP level 3. HP: 29/29 MP: 3/3
  1196 | D:2      | Found an iron altar of Okawaru.
  1198 | D:2      | Noticed Natasha
  1208 | D:2      | Killed Natasha
  1523 | D:2      | Found a white marble altar of Elyvilon.
  1591 | D:2      | Found a burning altar of Makhleb.
  1593 | D:2      | Gained mutation: You are partially covered in thin metallic
                  | scales. (AC +2) [demonic ancestry]
  1593 | D:2      | Reached XP level 4. HP: 35/35 MP: 4/4
  1598 | D:2      | Became a worshipper of Makhleb the Destroyer
  2031 | D:2      | Noticed Natasha
  2041 | D:2      | Killed Natasha
  2455 | D:3      | Found a glowing golden altar of the Shining One.
  2465 | D:3      | Reached skill level 3 in Long Blades
  2767 | D:3      | Gained mutation: You are partially covered in sharp spines.
                  | [demonic ancestry]
  2767 | D:3      | Reached XP level 5. HP: 38/41 MP: 5/5
  3204 | D:3      | Found an ancient bone altar of Kikubaaqudgha.
  3272 | D:3      | Found a stormy altar of Qazlal.
  3371 | D:4      | Found a shimmering altar of Xom.
  3561 | D:4      | Reached skill level 4 in Long Blades
  3989 | D:4      | Found a staircase to the Ecumenical Temple.
  4392 | D:5      | Entered Level 5 of the Dungeon
  4396 | D:5      | Found a sparkling altar of Nemelex Xobeh.
  4433 | D:5      | Gained mutation: You are mostly covered in thin metallic
                  | scales. (AC +3) [demonic ancestry]
  4433 | D:5      | Reached XP level 6. HP: 44/47 MP: 6/6
  4495 | D:5      | Noticed a hornet
  4501 | D:5      | Killed a hornet
  4501 | D:5      | Reached * piety under Makhleb
  4501 | D:5      | Reached skill level 6 in Long Blades
  4501 | D:5      | Reached XP level 7. HP: 38/52 MP: 7/7
  4661 | D:5      | Noticed Ijyb
  4676 | D:5      | Killed Ijyb
  4684 | D:5      | Noticed Edmund
  4696 | D:5      | Killed Edmund
  4912 | D:5      | Reached skill level 5 in Armour
  4983 | D:5      | Noticed Jessica
  4986 | D:5      | Killed Jessica
  4992 | D:5      | Found a shimmering blue altar of Sif Muna.
  5096 | D:5      | Reached XP level 8. HP: 43/58 MP: 8/8
  5616 | D:6      | Reached skill level 5 in Shields
  5734 | D:6      | Got a warped leather armour
  5737 | D:6      | Identified the cursed +0 leather armour "Pypnupt" {MR+
                  | rCorr Int+7} (You found it on level 6 of the Dungeon)
  5781 | D:5      | Reached skill level 1 in Dodging
  6185 | D:6      | Reached ** piety under Makhleb
  6669 | D:7      | Noticed a hippogriff
  6679 | D:7      | Killed a hippogriff
  6679 | D:7      | Reached XP level 9. HP: 46/63 MP: 9/9
  6763 | D:7      | Found a snail-covered altar of Cheibriados.
  7088 | D:7      | Found a runed translucent door.
  7089 | D:7      | Noticed Crazy Yiuf
  7172 | D:7      | Reached skill level 5 in Dodging
  7359 | D:7      | Noticed Pikel
  7380 | D:7      | Killed Pikel
  7500 | D:7      | Reached skill level 1 in Invocations
  7964 | D:7      | Found a shadowy altar of Dithmenos.
  8026 | D:7      | Killed Crazy Yiuf
  8026 | D:7      | Reached skill level 5 in Invocations
  8187 | D:8      | Reached *** piety under Makhleb
  8258 | D:8      | Found Bagh's Gadget Shop.
  8265 | D:8      | Found an ornate altar of the Wu Jian Council.
  8523 | D:8      | Reached XP level 10. HP: 70/70 MP: 15/15
  8948 | D:9      | Found a staircase to the Lair.
  9192 | D:9      | You fall into a shaft and drop 2 floors!
  9197 | D:10     | Entered Level 10 of the Dungeon
  9406 | D:9      | Reached **** piety under Makhleb
  9625 | D:10     | Noticed a two-headed ogre
  9766 | D:10     | Noticed Snorg
  9942 | Lair:1   | Entered Level 1 of the Lair of Beasts
  9942 | Lair:1   | Noticed a spiny frog
  9950 | Lair:1   | Killed a spiny frog
 10191 | Lair:1   | Noticed a spiny frog
 10205 | Lair:1   | Killed a spiny frog
 10443 | Lair:1   | Reached skill level 7 in Long Blades
 10443 | Lair:1   | Gained mutation: You are immune to freezing clouds.
                  | [demonic ancestry]
 10443 | Lair:1   | Reached XP level 11. HP: 50/75 MP: 18/18
 10459 | Lair:1   | Reached ***** piety under Makhleb
 10962 | Lair:1   | Reached skill level 8 in Long Blades
 11372 | Lair:2   | Reached skill level 9 in Long Blades
 11419 | Lair:2   | Noticed Maggie
 11431 | Lair:2   | Killed Maggie
 11474 | Lair:2   | Reached skill level 10 in Long Blades
 11586 | Lair:2   | Reached skill level 11 in Long Blades
 11797 | Lair:2   | Noticed an eight-headed hydra
 11915 | D:10     | Killed a two-headed ogre
 12172 | D:10     | Slain by Snorg

Illustrated notes

Levels and vault maps discovered:
D:1:      dpeg_arrival_rhombi, layout_loops_ring
D:2:      layout_loops_corners, elyvilon_altar_3, old_standard_altar,
          okawaru_gym_becter, kennysheep_generic_room_8, uniq_natasha
D:3:      layout_loops_ring, tso_metal_star, lemuel_round_altar,
          nicolae_qazlal_eye_of_the_storm
D:4:      layout_gridville, xom_butterflies, minmay_temple_entry_butterflies,
          first_ration, minivault_14, eino_tiny_chamber
D:5:      layout_basic, overflow_temple_1_default, tgw_sif, uniq_ijyb,
          uniq_edmund
D:6:      layout_cave_pools
D:7:      layout_basic, kennysheep_mini_moat, basic_altar, serial_rivers,
          chequers_serial_rivers_micro_a, chequers_serial_rivers_micro_d,
          chequers_serial_rivers_small_3, chequers_serial_rivers_marsh,
          the_bakery, uniq_crazy_yiuf_cottage, uniq_pikel
D:8:      layout_loops_ring, lemuel_crystal_altar, serial_shops,
          nicolae_shop_statue_plus
D:9:      layout_roguey, dpeg_oklobed_lair
D:10:     layout_cave_pods, uniq_snorg
D:11:     cheibrodos_helix_gallery, layout_cave_pools, minmay_gold_behind_fungi,
          grunt_gozag_breadcrumbs
Lair:1:   layout_chaotic_city, nicolae_quartered_pool_super,
          grunt_forest_stairs_basic, beast_lair_carwin_8
Lair:2:   layout_cave_pods, minmay_snake_entry_guardpost_small,
          grunt_forest_large_clearings, uniq_maggie

Skill      XL: |  1  2  3  4  5  6  7  8  9 10 11 |
---------------+----------------------------------+-----
Long Blades    | 2 3 4 6 7 11 | 11.4
Slings         | 1 2 3 |  3.1
Armour         | 5 8 |  8.3
Shields        | 3 6 |  6.0
Dodging        | 4 7 |  7.0
Invocations    | 7 9 |  9.3
Fighting       | |  3.0
Evocations     | |  0.6

Action                   |  1- 3 |  4- 6 |  7- 9 | 10-12 || total
-------------------------+-------+-------+-------+-------++-------
Melee: Long sword        |    68 |   119 |    52 |   505 ||   744
       Kick              |     8 |    37 |    23 |   138 ||   206
       Unarmed           |       |       |    10 |       ||    10
       Hunting sling     |       |       |     1 |       ||     1
 Fire: Hunting sling     |    45 |     2 |   442 |    62 ||   551
Throw: Dart              |       |       |       |     5 ||     5
       Throwing net      |       |       |       |     3 ||     3
Invok: Lesser Servant of |       |       |       |     1 ||     1
Evoke: Wand              |       |     5 |     1 |     6 ||    12
  Use: Scroll            |       |       |     5 |     2 ||     7
 Stab: Confused          |       |       |     1 |       ||     1
       Distracted        |       |       |       |     1 ||     1
  Eat: Chunk             |     2 |     9 |    13 |    12 ||    36
Armor: Scale mail        |    49 |    43 |    37 |       ||   129
       Ring mail         |       |       |    38 |   225 ||   263
Dodge: Dodged            |    26 |    45 |    72 |   312 ||   455
Block: Kite shield       |    50 |    46 |    99 |   342 ||   537
       Rpst.: Long sword |     9 |    16 |     8 |    68 ||   101
